BSA
NASSAU ROCKETS @ KALAMAZOO ROYALE WITH CHEESE
10/03/2027
 
TOP OF THE 1ST
Nassau Rockets batting - Pitching for Kalamazoo Royale with Cheese : RHP Jason Taylor
Pitching: RHP Jason Taylor
Batting: SHB Howard Parker 0-0: Ball
1-0: Foul Ball, location: 2F
1-1: Swinging Strike
1-2: Ball
2-2: Fly out, F7 (Flyball, 78S)
Batting: LHB Andrew Alvarado 0-0: Hit by Pitch
Batting: LHB Wilson Allen 0-0: 2-RUN HOME RUN (Flyball, 89XD), Distance : 424 ft
Batting: LHB Doug Thompson 0-0: Called Strike
0-1: Swinging Strike
0-2: Strikes out swinging
Batting: LHB Don Ramey 0-0: Fly out, F8 (Line Drive, 8RXD)
Top of the 1st over - 2 run(s), 1 hit(s), 0 error(s), 0 left on base; Nassau 2 - Kalamazoo 0
BOTTOM OF THE 1ST
Kalamazoo Royale with Cheese batting - Pitching for Nassau Rockets : RHP Tomás Molina
Pitching: RHP Tomás Molina
Batting: RHB Jorge Márquez 0-0: Swinging Strike
0-1: SINGLE (Line Drive, 6M)
Batting: LHB Robinson Fernández 0-0: Ball
1-0: Foul Ball, location: 2F
1-1: Ball
2-1: Ball
3-1: Called Strike
3-2: Foul Ball, location: 2F
3-2: Ground out 4-3 (Groundball, 4S)
Jorge Márquez to second
Batting: LHB Bill McJannett 0-0: Ball
1-0: Called Strike
1-1: Ball
Jorge Márquez is caught stealing 3rd base
2-1: Ball
3-1: Base on Balls
Batting: RHB Pedro Rosado 0-0: Ball
1-0: Foul Ball, location: 2F
1-1: Ball
2-1: SINGLE (Flyball, 8RS)
Bill McJannett to second
Runner from 2nd tries for 3rd, SAFE, no throw
Batting: RHB Run-ming Zhu 0-0: Ball
1-0: Ball
2-0: Ball
3-0: Base on Balls
Pedro Rosado to second
Batting: LHB Roberto Sandoval 0-0: Ball
1-0: Ground out U3 (Groundball, 3)
Bottom of the 1st over - 0 run(s), 2 hit(s), 0 error(s), 3 left on base; Nassau 2 - Kalamazoo 0
TOP OF THE 2ND
Nassau Rockets batting - Pitching for Kalamazoo Royale with Cheese : RHP Jason Taylor
Batting: LHB Bob Martin 0-0: Ball
1-0: Foul Ball, location: 2F
1-1: Ball
2-1: Called Strike
2-2: Strikes out looking
Batting: SHB Pepe Piña 0-0: Ball
1-0: Called Strike
1-1: Foul Ball, location: 2F
1-2: Fly out, F6 (Line Drive, 6)
Batting: RHB Salvador Borbón 0-0: SOLO HOME RUN (Line Drive, 7D), Distance : 414 ft
Batting: RHB Pete Harvey 0-0: Called Strike
0-1: Ball
1-1: Foul Ball, location: 2F
1-2: Strikes out swinging
Top of the 2nd over - 1 run(s), 1 hit(s), 0 error(s), 0 left on base; Nassau 3 - Kalamazoo 0
BOTTOM OF THE 2ND
Kalamazoo Royale with Cheese batting - Pitching for Nassau Rockets : RHP Tomás Molina
Batting: LHB Al Mills 0-0: Ball
1-0: Foul Ball, location: 2F
1-1: Ball
2-1: Ball
3-1: Base on Balls
Batting: LHB António Glaviz 0-0: Ball
1-0: Fly out, F6 (Popup, 15)
Batting: RHB Rafael González 0-0: Called Strike
0-1: Ball
1-1: Foul Ball, location: 2F
1-2: Ball
2-2: Ball
3-2: DOUBLE (Flyball, 78D)
Al Mills to third
Batting: RHB Jorge Márquez 0-0: Ball
1-0: Ground out 6-3 (Groundball, 6)
Al Mills scores
Batting: LHB Robinson Fernández 0-0: Ball
1-0: Ground out 3-1 (Groundball, 34S)
Bottom of the 2nd over - 1 run(s), 1 hit(s), 0 error(s), 1 left on base; Nassau 3 - Kalamazoo 1
TOP OF THE 3RD
Nassau Rockets batting - Pitching for Kalamazoo Royale with Cheese : RHP Jason Taylor
Batting: SHB Howard Parker 0-0: Ball
1-0: Called Strike
1-1: Swinging Strike
1-2: Ball
2-2: Foul Ball, location: 2F
2-2: Ball
3-2: Base on Balls
Batting: LHB Andrew Alvarado 0-0: Hit by Pitch
Howard Parker to second
Batting: LHB Wilson Allen 0-0: Ball
1-0: Called Strike
1-1: Foul Ball, location: 2F
1-2: Ball
2-2: Foul Ball, location: 2F
2-2: Ball
3-2: Strikes out swinging
Howard Parker steals 3rd base
Batter strikes out.
Andrew Alvarado to second
Batting: LHB Doug Thompson 0-0: Ball
1-0: Ground out U3 (Groundball, 3)
Batting: LHB Don Ramey 0-0: Ball
1-0: 3-RUN HOME RUN (Flyball, 78D), Distance : 432 ft
Batting: LHB Bob Martin 0-0: Ball
1-0: Ball
2-0: Fly out, F7 (Flyball, 7LS)
Top of the 3rd over - 3 run(s), 1 hit(s), 0 error(s), 0 left on base; Nassau 6 - Kalamazoo 1
BOTTOM OF THE 3RD
Kalamazoo Royale with Cheese batting - Pitching for Nassau Rockets : RHP Tomás Molina
Batting: LHB Bill McJannett 0-0: Foul Ball, location: 2F
0-1: Foul Ball, location: 2F
0-2: Ball
1-2: Ball
2-2: Fly out, F8 (Flyball, 8LM)
Batting: RHB Pedro Rosado 0-0: Fly out, F9 (Flyball, 9LS)
Batting: RHB Run-ming Zhu 0-0: Called Strike
0-1: Called Strike
0-2: Ball
1-2: Ball
2-2: Strikes out looking
Bottom of the 3rd over - 0 run(s), 0 hit(s), 0 error(s), 0 left on base; Nassau 6 - Kalamazoo 1
TOP OF THE 4TH
Nassau Rockets batting - Pitching for Kalamazoo Royale with Cheese : RHP Jason Taylor
Batting: SHB Pepe Piña 0-0: Foul Ball, location: 2F
0-1: Foul Ball, location: 2F
0-2: Foul Ball, location: 2F
0-2: Ball
1-2: Ball
2-2: Strikes out looking
Batting: RHB Salvador Borbón 0-0: Foul Ball, location: 2F
0-1: Ball
1-1: Fly out, F7 (Flyball, 7S)
Batting: RHB Pete Harvey 0-0: Called Strike
0-1: Swinging Strike
0-2: Ball
1-2: Foul Ball, location: 2F
1-2: Ball
2-2: Ball
3-2: Foul Ball, location: 2F
3-2: SINGLE (Line Drive, 6MD)
Batting: SHB Howard Parker 0-0: Ball
1-0: Ball
2-0: Foul Ball, location: 2F
2-1: Swinging Strike
2-2: Fly out, F5 (Popup, 5L)
Top of the 4th over - 0 run(s), 1 hit(s), 0 error(s), 1 left on base; Nassau 6 - Kalamazoo 1
BOTTOM OF THE 4TH
Kalamazoo Royale with Cheese batting - Pitching for Nassau Rockets : RHP Tomás Molina
Batting: LHB Roberto Sandoval 0-0: Called Strike
0-1: Ball
1-1: Ball
2-1: SINGLE (Groundball, 4M) (infield hit)
Batting: LHB Al Mills 0-0: Ball
1-0: Called Strike
1-1: Called Strike
1-2: Ball
Roberto Sandoval steals 2nd base
2-2: Strikes out swinging
Batting: LHB António Glaviz 0-0: Ground out 1-3 (Groundball, 13S)
Roberto Sandoval to third
Batting: RHB Rafael González 0-0: Ball
1-0: SINGLE (Groundball, 4D)
Roberto Sandoval scores
Batting: RHB Jorge Márquez 0-0: Ball
1-0: Called Strike
1-1: Ball
2-1: Ball
3-1: Base on Balls
Rafael González to second
Batting: LHB Robinson Fernández 0-0: Foul Ball, location: 2F
0-1: Swinging Strike
0-2: Ball
1-2: Hit by Pitch
Rafael González to third
Jorge Márquez to second
Batting: LHB Bill McJannett 0-0: Ball
1-0: Called Strike
1-1: Ball
2-1: Foul Ball, location: 2F
2-2: Strikes out swinging
Bottom of the 4th over - 1 run(s), 2 hit(s), 0 error(s), 3 left on base; Nassau 6 - Kalamazoo 2
TOP OF THE 5TH
Nassau Rockets batting - Pitching for Kalamazoo Royale with Cheese : RHP Jason Taylor
Pitching: LHP Carlos Thomas
Batting: LHB Andrew Alvarado 0-0: Ball
1-0: Ball
2-0: Called Strike
2-1: Ball
3-1: Base on Balls
Batting: LHB Wilson Allen 0-0: Ball
1-0: Ball
2-0: Foul Ball, location: 2F
2-1: Ball
3-1: Fly out, F7 (Flyball, 7S)
Batting: LHB Doug Thompson 0-0: Ball
1-0: Ball
2-0: Ball
3-0: Called Strike
3-1: Base on Balls
Andrew Alvarado to second
Batting: LHB Don Ramey 0-0: Called Strike
0-1: Ground out 3-1 (Groundball, 34S)
Andrew Alvarado to third
Doug Thompson to second
Batting: LHB Bob Martin 0-0: Ground out 4-3 (Groundball, 4)
Top of the 5th over - 0 run(s), 0 hit(s), 0 error(s), 2 left on base; Nassau 6 - Kalamazoo 2
BOTTOM OF THE 5TH
Kalamazoo Royale with Cheese batting - Pitching for Nassau Rockets : RHP Tomás Molina
Batting: RHB Pedro Rosado 0-0: Ball
1-0: Called Strike
1-1: Foul Ball, location: 2F
1-2: SINGLE (Groundball, 4D)
Batting: RHB Run-ming Zhu 0-0: Swinging Strike
0-1: Ball
1-1: Called Strike
1-2: Ball
2-2: Ball
3-2: Strikes out swinging
Pedro Rosado is caught stealing 2nd base
Batter strikes out.
Batting: LHB Roberto Sandoval 0-0: Fly out, F4 (Line Drive, 4M)
Bottom of the 5th over - 0 run(s), 1 hit(s), 0 error(s), 0 left on base; Nassau 6 - Kalamazoo 2
TOP OF THE 6TH
Nassau Rockets batting - Pitching for Kalamazoo Royale with Cheese : LHP Carlos Thomas
Batting: SHB Pepe Piña 0-0: Foul Ball, location: 2F
0-1: Fly out, F6 (Line Drive, 56D)
Batting: RHB Salvador Borbón 0-0: Called Strike
0-1: Foul Ball, location: 2F
0-2: Ball
1-2: Foul Ball, location: 2F
1-2: SOLO HOME RUN (Line Drive, 78XD), Distance : 435 ft
Batting: RHB Pete Harvey 0-0: Ball
1-0: Called Strike
1-1: Foul Ball, location: 2F
1-2: Foul Ball, location: 2F
1-2: SINGLE (Line Drive, 8LS)
Batting: SHB Howard Parker 0-0: Called Strike
0-1: Ball
1-1: Ball
2-1: Foul Ball, location: 2F
2-2: Ball
3-2: SINGLE (Groundball, 4MD)
Pete Harvey to second
Batting: LHB Andrew Alvarado 0-0: Ball
1-0: Ball
2-0: Foul Ball, location: 2F
2-1: Ball
3-1: Called Strike
3-2: Base on Balls
Pete Harvey to third
Howard Parker to second
Pitching: RHP Fergus Wakeford
Batting: LHB Wilson Allen 0-0: Fly out, F9 (Flyball, 89D)
Runner from 3rd tags up, SCORES, no throw
Batting: LHB Doug Thompson 0-0: Ball
1-0: Ball
2-0: Ball
3-0: Base on Balls
Howard Parker to third
Andrew Alvarado to second
Batting: LHB Don Ramey 0-0: SINGLE (Line Drive, 6)
Howard Parker scores
Andrew Alvarado to third
Doug Thompson to second
Runner from 3rd tries for Home, SAFE, no throw
Batting: LHB Bob Martin 0-0: Swinging Strike
0-1: Called Strike
0-2: Ball
1-2: SINGLE (Flyball, 7LS)
Doug Thompson to third
Don Ramey to second
Runner from 3rd tries for Home, SAFE, throw made home
Batting: SHB Pepe Piña 0-0: Ball
1-0: Fly out, F8 (Flyball, 8LD)
Top of the 6th over - 5 run(s), 5 hit(s), 0 error(s), 2 left on base; Nassau 11 - Kalamazoo 2
BOTTOM OF THE 6TH
Kalamazoo Royale with Cheese batting - Pitching for Nassau Rockets : RHP Tomás Molina
Batting: LHB Al Mills 0-0: Called Strike
0-1: Ball
1-1: Ball
2-1: Ball
3-1: Foul Ball, location: 2F
3-2: Strikes out swinging
Batting: LHB António Glaviz 0-0: Foul Ball, location: 2F
0-1: Swinging Strike
0-2: Fly out, F7 (Flyball, 7LM)
Batting: RHB Rafael González 0-0: Fly out, F9 (Flyball, 9)
Bottom of the 6th over - 0 run(s), 0 hit(s), 0 error(s), 0 left on base; Nassau 11 - Kalamazoo 2
TOP OF THE 7TH
Nassau Rockets batting - Pitching for Kalamazoo Royale with Cheese : RHP Fergus Wakeford
Batting: RHB Salvador Borbón 0-0: Ball
1-0: Ball
2-0: Ball
3-0: Base on Balls
Batting: RHB Pete Harvey 0-0: Called Strike
0-1: Ball
1-1: SINGLE (Line Drive, 6M)
Salvador Borbón to second
Batting: SHB Howard Parker 0-0: Fly out, F7 (Flyball, 7S)
Batting: LHB Andrew Alvarado 0-0: Swinging Strike
0-1: Swinging Strike
0-2: Ball
1-2: Strikes out swinging
Batting: LHB Wilson Allen 0-0: Ground out 3-1 (Groundball, 34S)
Top of the 7th over - 0 run(s), 1 hit(s), 0 error(s), 2 left on base; Nassau 11 - Kalamazoo 2
BOTTOM OF THE 7TH
Kalamazoo Royale with Cheese batting - Pitching for Nassau Rockets : RHP Tomás Molina
Pitching: RHP Jason Drake
Batting: RHB Jorge Márquez 0-0: Called Strike
0-1: Swinging Strike
0-2: Ball
1-2: Ball
2-2: Ground out 1-3 (Groundball, P)
Batting: LHB Robinson Fernández 0-0: Ball
1-0: Swinging Strike
1-1: Swinging Strike
1-2: Ball
2-2: SINGLE (Line Drive, 7LS)
Batting: LHB Bill McJannett 0-0: Called Strike
0-1: Foul Ball, location: 2F
0-2: Ball
1-2: Foul Ball, location: 2F
1-2: Foul Ball, location: 2F
1-2: Ball
2-2: Reached on error, E4 (Groundball, 34)
Robinson Fernández to second
Batting: RHB Pedro Rosado 0-0: SINGLE (Line Drive, 6MD)
Robinson Fernández to third
Bill McJannett to second
Runner from 3rd tries for Home, SAFE, throw made home
Bill McJannett to third
Pedro Rosado to second
Batting: RHB Run-ming Zhu 0-0: Called Strike
0-1: Ball
1-1: Ball
2-1: Ball
3-1: Called Strike
3-2: Foul Ball, location: 2F
3-2: Foul Ball, location: 2F
3-2: Base on Balls
Batting: LHB Roberto Sandoval 0-0: SINGLE (Groundball, 56D)
Bill McJannett scores
Pedro Rosado to third
Run-ming Zhu to second
Runner from 3rd tries for Home, SAFE, no throw
Batting: LHB Al Mills 0-0: Ball
1-0: Ball
2-0: Ball
3-0: Called Strike
3-1: Base on Balls
Run-ming Zhu to third
Roberto Sandoval to second
Batting: LHB António Glaviz 0-0: Ball
1-0: Fly out, F9 (Flyball, 9D)
Runner from 3rd tags up, SCORES, no throw
Roberto Sandoval to third
Pitching: LHP Gianluigi Ciottone
Batting: RHB Rafael González 0-0: Ball
1-0: Called Strike
1-1: Ball
2-1: Called Strike
2-2: Ball
3-2: Foul Ball, location: 2F
3-2: Strikes out swinging
Bottom of the 7th over - 4 run(s), 3 hit(s), 1 error(s), 2 left on base; Nassau 11 - Kalamazoo 6
TOP OF THE 8TH
Nassau Rockets batting - Pitching for Kalamazoo Royale with Cheese : RHP Fergus Wakeford
Batting: LHB Doug Thompson 0-0: Called Strike
0-1: Ball
1-1: Swinging Strike
1-2: SOLO HOME RUN (Flyball, 9D), Distance : 373 ft
Batting: LHB Don Ramey 0-0: Ball
1-0: Ground out 4-3 (Groundball, 34)
Pitching: LHP Gian-Andrea Nota
Batting: LHB Bob Martin 0-0: SINGLE (Line Drive, 4D)
Batting: SHB Pepe Piña 0-0: Called Strike
0-1: Fly out, F4 (Line Drive, 34)
Batting: RHB Salvador Borbón 0-0: Called Strike
0-1: Foul Ball, location: 2F
0-2: Ball
1-2: Foul Ball, location: 2F
1-2: Ball
2-2: Foul Ball, location: 2F
2-2: Ball
3-2: Base on Balls
Bob Martin to second
Batting: RHB Pete Harvey 0-0: Ball
1-0: Ball
2-0: Ball
3-0: Called Strike
3-1: Base on Balls
Bob Martin to third
Salvador Borbón to second
Batting: SHB Howard Parker 0-0: Foul Ball, location: 2F
0-1: Ball
1-1: SINGLE (Groundball, 56D)
Bob Martin scores
Salvador Borbón to third
Pete Harvey to second
Runner from 3rd tries for Home, SAFE, no throw
Batting: LHB Andrew Alvarado 0-0: Ball
1-0: Swinging Strike
1-1: Called Strike
1-2: Strikes out looking
Top of the 8th over - 3 run(s), 3 hit(s), 0 error(s), 2 left on base; Nassau 14 - Kalamazoo 6
BOTTOM OF THE 8TH
Kalamazoo Royale with Cheese batting - Pitching for Nassau Rockets : LHP Gianluigi Ciottone
Batting: RHB Jorge Márquez 0-0: Ball
1-0: Ball
2-0: Foul Ball, location: 2F
2-1: Foul Ball, location: 2F
2-2: Ground out 6-3 (Groundball, 6)
Batting: LHB Robinson Fernández 0-0: Ball
1-0: Foul Ball, location: 2F
1-1: Swinging Strike
1-2: Ball
2-2: Ball
3-2: SINGLE (Groundball, 34D)
Batting: LHB Bill McJannett 0-0: DOUBLE (Groundball, 3L)
Robinson Fernández to third
Batting: RHB Pedro Rosado 0-0: Called Strike
0-1: Called Strike
0-2: Hit by Pitch
Batting: RHB Run-ming Zhu 0-0: Swinging Strike
0-1: Called Strike
0-2: Strikes out swinging
Batting: LHB Roberto Sandoval 0-0: Foul Ball, location: 2F
0-1: Foul Ball, location: 2F
0-2: Ball
1-2: SINGLE (Flyball, 8RS)
Robinson Fernández scores
Bill McJannett to third
Pedro Rosado to second
Runner from 3rd tries for Home, SAFE, throw made home
Pedro Rosado to third
Roberto Sandoval to second
Batting: LHB Al Mills 0-0: Called Strike
0-1: Called Strike
0-2: Ball
1-2: Strikes out swinging
Bottom of the 8th over - 2 run(s), 3 hit(s), 0 error(s), 2 left on base; Nassau 14 - Kalamazoo 8
TOP OF THE 9TH
Nassau Rockets batting - Pitching for Kalamazoo Royale with Cheese : LHP Gian-Andrea Nota
Batting: LHB Wilson Allen 0-0: Called Strike
0-1: Fly out, F8 (Flyball, 8RS)
Batting: LHB Doug Thompson 0-0: Ball
1-0: Ball
2-0: Ball
3-0: Called Strike
3-1: Fly out, F9 (Line Drive, 89D)
Batting: LHB Don Ramey 0-0: Fly out, F8 (Flyball, 78M)
Top of the 9th over - 0 run(s), 0 hit(s), 0 error(s), 0 left on base; Nassau 14 - Kalamazoo 8
BOTTOM OF THE 9TH
Kalamazoo Royale with Cheese batting - Pitching for Nassau Rockets : LHP Gianluigi Ciottone
Batting: LHB António Glaviz 0-0: Ball
1-0: SINGLE (Groundball, 34D)
Batting: RHB Rafael González 0-0: SINGLE (Flyball, 6MD)
António Glaviz to second
Batting: RHB Jorge Márquez 0-0: Called Strike
0-1: Swinging Strike
0-2: Fly out, F9 (Line Drive, 9)
Batting: LHB Robinson Fernández 0-0: SINGLE (Groundball, 6D)
António Glaviz to third
Rafael González to second
Runner from 3rd tries for Home, SAFE, throw made home
Pitching: RHP José García
Batting: LHB Bill McJannett 0-0: Called Strike
0-1: Fielders Choice at 2nd, 2-6 (Groundball, 2R)
Rafael González to third
Batting: RHB Pedro Rosado 0-0: Called Strike
0-1: Fielders Choice at 2nd, 6-4 (Groundball, 6)
Bottom of the 9th over - 1 run(s), 3 hit(s), 0 error(s), 1 left on base; Nassau 14 - Kalamazoo 9
Thursday, March 30th, 2017 - OOTP Baseball 17.12 Build 75